Map: Radhuset Station LE

Players

HenrykKwinto - Winner!

  • Race: Protoss Protoss
  • League: Platinum
  • Spawn Location: 7:00

demzi

  • Race: Zerg Zerg
  • League: Silver
  • Spawn Location: 1:00

VOD

Have the link to the VOD?

Description

Time

  • Played on: March 21, 2024, 10:53 a.m.
  • Length: 12:26
Show
View Real Time Build Order
Export as new Build Order

HenrykKwinto Protoss - Winner!

Build Orders: Carriers 

Get SALT Encoding   

  12  0:01  Probe (Chrono Boost)  
  13  0:10  Probe (Chrono Boost)  
  14  0:17  Pylon  
  14  0:21  Probe  
  15  0:35  Probe  
  15  0:38  Gateway  
  16  0:48  Probe  
  16  0:49  Assimilator  
  17  1:00  Probe (Chrono Boost)  
  18  1:04  Assimilator  
  19  1:12  Probe (Chrono Boost)  
  19  1:17  Probe (Chrono Boost)  
  20  1:22  Pylon  
  20  1:25  Zealot  
  22  1:26  Probe  
  22  1:30  Cybernetics Core  
  24  1:40  Probe  
  24  1:52  Zealot, Probe  
  27  2:09  Stargate  
  27  2:19  Nexus  
  27  2:30  Pylon  
  27  2:33  Stalker  
  27  2:37  Probe (Chrono Boost)  
  30  2:47  Probe (Chrono Boost)  
  31  2:51  Probe (Chrono Boost)  
  36  3:07  Void Ray  
  35  3:23  Shield Battery  
  35  3:25  Shield Battery  
  35  3:27  Shield Battery  
  35  3:29  Pylon  
  35  3:32  Probe (Chrono Boost)  
  38  3:41  Probe (Chrono Boost)  
  38  3:43  Probe (Chrono Boost)  
  39  3:50  Probe (Chrono Boost)  
  39  3:51  Probe (Chrono Boost)  
  40  4:00  Probe (Chrono Boost)  
  40  4:01  Probe (Chrono Boost)  
  40  4:02  Protoss Air Weapons Level 1  
  42  4:05  Probe  
  42  4:09  Assimilator  
  43  4:11  Probe (Chrono Boost)  
  43  4:14  Assimilator  
  44  4:18  Probe (Chrono Boost)  
  46  4:28  Probe x2 (Chrono Boost)  
  47  4:33  Probe (Chrono Boost)  
  47  4:34  Probe  
  53  4:39  Void Ray  
  53  4:44  Probe  
  54  4:46  Probe (Chrono Boost)  
  54  4:47  Stargate  
  54  4:50  Stargate  
  55  4:58  Probe (Chrono Boost)  
  57  5:01  Probe (Chrono Boost)  
  58  5:07  Probe (Chrono Boost)  
  58  5:10  Probe (Chrono Boost), Pylon  
  58  5:12  Pylon  
  58  5:13  Probe  
  59  5:20  Probe  
  61  5:25  Probe  
  62  5:32  Probe  
  63  5:37  Probe  
  64  5:44  Probe  
  64  5:49  Nexus  
  65  5:57  Probe  
  78  6:00  Void Ray x2  
  78  6:01  Void Ray  
  78  6:12  Protoss Air Armor Level 1  
  78  6:14  Cybernetics Core  
  78  6:17  Forge  
  78  6:21  Pylon  
  78  6:24  Pylon  
  78  6:30  Robotics Facility  
  78  6:31  Twilight Council  
  78  6:32  Pylon  
  78  6:35  Pylon  
  78  6:39  Pylon  
  78  6:44  Fleet Beacon  
  78  6:53  Protoss Shields Level 1  
  78  7:00  Probe (Chrono Boost)  
  79  7:06  Probe (Chrono Boost)  
  80  7:10  Probe (Chrono Boost)  
  80  7:11  Probe (Chrono Boost)  
  80  7:14  Assimilator, Probe (Chrono Boost)  
  83  7:16  Assimilator  
  83  7:18  Probe (Chrono Boost)  
  83  7:19  Probe (Chrono Boost)  
  83  7:21  Probe (Chrono Boost)  
  86  7:23  Probe (Chrono Boost)  
  86  7:26  Probe  
  88  7:30  Probe  
  88  7:35  Probe  
  90  7:38  Probe  
  90  7:42  Probe  
  92  7:47  Probe  
  92  7:48  Carrier  
  92  7:49  Carrier x2  
  111  7:51  Stalker  
  107  8:18  Observer  
  108  8:21  Stalker  
  110  8:35  Pylon  
  110  8:36  Pylon  
  110  8:39  Photon Cannon x2  
  110  8:44  Photon Cannon  
  110  8:51  Stalker  
  110  8:53  Carrier  
  113  9:18  Photon Cannon  
  113  9:21  Carrier, Stalker  
  113  9:22  Carrier  
  127  9:27  Protoss Shields Level 2  
  127  9:43  Protoss Air Weapons Level 2  
  127  9:44  Protoss Air Armor Level 2  
  127  9:51  Zealot  
  129  10:14  Carrier  
  125  10:17  Stargate  
  125  10:18  Zealot  
  123  10:21  Nexus  
  123  10:32  Nexus  
  123  10:45  Zealot  
  123  10:49  Carrier x2  
  133  10:53  Stargate  
  129  10:59  Assimilator  
  129  11:01  Assimilator  
  129  11:12  Assimilator  
  129  11:13  Zealot  
  129  11:15  Assimilator  
  129  11:18  Carrier  
  137  11:45  Probe (Chrono Boost)  
  138  11:53  Probe (Chrono Boost)  
  140  11:55  Probe (Chrono Boost)  
  140  12:01  Probe (Chrono Boost)  
  159  12:02  Stargate  
  159  12:03  Probe (Chrono Boost)  
  159  12:04  Pylon  
  159  12:05  Probe (Chrono Boost)  
  161  12:11  Probe  
Show
View Real Time Build Order
Export as new Build Order

demzi Zerg 

Build Orders: Hatch First 

Get SALT Encoding   

  12  0:00  Drone  
  13  0:12  Overlord  
  13  0:19  Drone  
  14  0:30  Drone x2  
  16  0:49  Hatchery  
  15  0:53  Drone  
  16  0:59  Drone x2  
  18  1:07  Extractor  
  17  1:16  Spawning Pool  
  16  1:21  Drone  
  16  1:23  Drone  
  18  1:28  Drone  
  19  1:38  Drone  
  20  1:58  Overlord  
  20  2:03  Queen  
  20  2:04  Queen  
  20  2:05  Zergling x4  
  26  2:17  Drone x2  
  26  2:21  Drone  
  29  2:25  Drone  
  30  2:32  Drone  
  30  2:33  Drone  
  32  2:39  Pneumatized Carapace  
  32  2:42  Queen  
  34  2:52  Drone x2  
  34  2:55  Overlord  
  34  3:16  Spore Crawler  
  34  3:17  Spore Crawler  
  34  3:18  Queen  
  34  3:21  Overlord x2  
  34  3:28  Drone x4  
  34  3:29  Drone x3  
  41  3:40  Drone  
  41  3:41  Drone  
  43  3:43  Drone  
  44  3:50  Hatchery  
  44  3:54  Queen  
  45  4:12  Extractor  
  45  4:13  Extractor  
  45  4:14  Drone  
  45  4:15  Drone x3  
  45  4:16  Drone x2  
  49  4:22  Spore Crawler  
  48  4:28  Lair, Spore Crawler  
  47  4:43  Drone x4  
  47  4:44  Drone x4  
  55  4:49  Overlord x2  
  55  4:56  Overlord x2  
  55  5:09  Evolution Chamber  
  55  5:10  Drone  
  55  5:11  Drone x4  
  55  5:12  Baneling Nest, Evolution Chamber  
  57  5:19  Drone  
  57  5:20  Drone x4  
  62  5:23  Spore Crawler  
  62  5:24  Drone, Spore Crawler  
  62  5:27  Extractor  
  60  5:29  Extractor  
  60  5:32  Drone x2  
  60  5:33  Drone x3  
  64  5:36  Drone x2  
  66  5:43  Drone  
  66  5:46  Spire  
  66  5:47  Zerg Melee Weapons Level 1  
  66  5:48  Zerg Ground Armor Level 1  
  66  5:53  Drone x4  
  66  5:55  Drone x3  
  73  6:09  Overlord x2  
  73  6:10  Hatchery  
  72  6:16  Zergling x14  
  72  6:18  Zergling x2  
  80  6:29  Overlord x2  
  80  6:34  Centrifugal Hooks  
  80  6:36  Metabolic Boost  
  80  6:39  Zergling x2  
  83  6:40  Zergling x10  
  86  6:54  Overlord x3  
  86  6:56  Baneling  
  86  7:17  Mutalisk  
  86  7:18  Mutalisk x9  
  101  7:45  Hatchery  
  101  7:51  Queen  
  97  8:06  Mutalisk x3  
  97  8:07  Mutalisk  
  99  8:14  Queen  
  99  8:18  Drone x2  
  102  8:23  Drone x3  
  102  8:24  Drone x3  
  102  8:26  Drone x2  
  102  8:27  Drone x2  
  111  8:28  Drone x2  
  111  8:30  Extractor  
  111  8:31  Extractor  
  112  8:39  Overlord x2  
  112  8:40  Overlord x2  
  112  8:51  Zerg Flyer Weapons Level 1  
  112  8:53  Zergling x12  
  118  9:09  Mutalisk x5  
  112  9:26  Drone x2  
  112  9:27  Drone, Extractor  
  112  9:31  Corruptor x3  
  114  9:57  Corruptor x4  
  91  10:22  Mutalisk x3  
  91  10:23  Mutalisk x2  
  86  10:55  Mutalisk x5  
  82  11:18  Hatchery  
  79  11:35  Overlord x3  
  79  11:36  Overlord x5  
  73  11:47  Queen  
  71  11:56  Spire  
  71  11:58  Hydralisk Den  
Tags
 
Composition
Carriers
Matchup
PvZ
Replay Pack
Multiplayer
Spawn Locations
Cross Positions
Add a new tag
Caveats
  • Supply blocks, unpowered buildings, or Contaminate may cause inaccurate times.
  • Supply counts are checked every 10 seconds.